 Dungeon Crawl Stone Soup version 0.26-a0-1177-g1209ec82b9 (webtiles) character file.

Game seed: 4544953954182767244

1201 sahdkjhfkaj the Skirmisher (level 8, -1/75 HPs)
             Began as a Palentonga Delver on Dec 25, 2020.
             Killed from afar by an orc wizard (11 damage)
             ... with a magic dart
             ... on level 7 of the Dungeon.
             The game lasted 00:10:02 (6992 turns).

sahdkjhfkaj the Skirmisher (Palentonga Delver)      Turns: 6992, Time: 00:10:03

Health: -1/75      AC: 18    Str: 17    XL:     8   Next: 21%
Magic:  8/8        EV:  2    Int: 11    God:
Gold:   300        SH: 14    Dex: 12    Spells: 7/7 levels left

rFire    + . .     SeeInvis +   a - +0 war axe
rCold    . . .     Faith    .   m - +0 tower shield
rNeg     . . .     Spirit   .   y - +2 chain mail {rPois}
rPois    +         Reflect  .   (helmet restricted)
rElec    .         Harm     .   z - +0 cloak
rCorr    .         Rampage  .   i - +0 pair of gloves
Will     .....                  (no barding)
Stlth    ..........             (no amulet)
HPRegen  0.22/turn              (no ring)
MPRegen  0.11/turn              (no ring)

@: curled up
A: large, horns 1, talons 1, rugged brown scales 3, see invisible, deformed
body, fire resistance 1, poison resistance, roll 1, armoured tail, reflexive
curl
a: Rolling Charge


You were on level 7 of the Dungeon.
You visited 1 branch of the dungeon, and saw 7 of its levels.

You collected 300 gold pieces.

Inventory:

Hand Weapons
 a - a +0 war axe (weapon)
Missiles
 s - 4 curare-tipped darts
Armour
 i - a +0 pair of gloves (worn)
 m - a +0 tower shield (worn)
 y - a +2 chain mail of poison resistance (worn)
 z - a +0 cloak (worn)
Jewellery
 o - an uncursed ring of flight {unknown}
Wands
 g - a wand of digging (3)
 t - a wand of iceblast (9)
 v - a wand of paralysis (6)
Scrolls
 c - 3 scrolls of fog
 d - 3 scrolls of magic mapping
 l - 6 scrolls of remove curse
 n - 2 scrolls of teleportation {!r}
 p - 2 scrolls of enchant weapon
 w - a scroll of immolation
 B - a scroll of amnesia {unknown}
Potions
 b - 3 potions of curing
 e - a potion of haste
 h - a potion of attraction
 j - 3 potions of lignification
 k - a potion of brilliance {unknown}
 q - a potion of degeneration {unknown}
 u - a potion of heal wounds {unknown}
 x - a potion of flight {unknown}
 A - 2 potions of cancellation {unknown}


   Skills:
 - Level 6.5 Fighting
 - Level 3.2(3.5) Axes
 - Level 2.0(2.7) Polearms
 - Level 2.0 Dodging
 - Level 3.3 Stealth
 + Level 5.6 Shields


You had 7 spell levels left.
You didn't know any spells.
Your spell library was empty.

Dungeon Overview and Level Annotations

Branches:
Dungeon (7/15)
 Temple: D:4-7

Altars:
Ashenzari
Nemelex Xobeh

Shops:
D:7 (


Innate Abilities, Weirdness & Mutations

You are completely covered in rugged brown scales. (AC +3, +7% HP)
You have supernaturally acute eyesight. (SInv)
Armour fits poorly on your strangely shaped body.
You can roll at nearby foes to attack.
You have a long armoured tail.
You curl defensively after being hit.
You have a pair of small horns on your head.
You have sharp toenails.
Your flesh is heat resistant. (rF+)
Your system is resistant to poisons. (rPois)


Message History

You barely miss the orc warrior. You claw the orc warrior.
You headbutt the orc warrior, but do no damage.
The orc warrior is moderately wounded.
The orc warrior hits you with a +0 short sword.
* * * LOW HITPOINT WARNING * * *
There is an entrance to Lockuogg's Weapon Boutique here.
You enter the shallow water.
Moving in this stuff is going to be slow.
You block the orc warrior's attack.
The orc shouts!
You block the orc's attack.
The orc shouts!
A bullfrog skeleton comes into view.
The orc wizard shouts!
The orc wizard gestures at you while chanting.
The magic dart hits you.
* * * LOW HITPOINT WARNING * * *
The orc wizard casts a spell at you. The magic dart hits you!
You die...

#.####.# ##........
#.#....# #.#####.#
#<#....# #....#####
####....# #..≈≈≈≈≈≈≈≈
###.....).# #..≈≈≈≈≈≈#≈
.##....))).)#
##≈≈≈≈≈≈≈##
...(....)Zo.###o≈≈≈≈≈≈##
........÷...'oo...≈≈≈##
..(........@###..≈≈.≈≈..
#...###.........≈≈.≈≈...
+=. #.#.#.####.≈≈.≈...
#. #...#.# #.≈≈≈≈... .
.####.# ..≈≈≈≈..# ...
... .≈.≈≈≈. ... #.#
.≈≈≈... #.. .≈.≈≈.. ##


You could see an orc warrior, an orc wizard, 2 orcs and a bullfrog skeleton.

Vanquished Creatures
  2 black bears (D:6)
  A sky beast (D:4)
  A phantom (D:5)
  A bullfrog (D:7)
  A water moccasin skeleton (D:4)
  2 scorpions
  A quasit (D:6)
  2 hounds
  2 orc priests
  A jelly (D:6)
  2 centaur skeletons (D:4)
  An iguana (D:6)
  2 orc wizards
  2 worker ants (D:4)
  A worker ant zombie (D:5)
  3 gnolls
  A howler monkey skeleton (D:6)
  4 adders
  A river rat (D:4)
  2 shadow imps
  A white imp (D:7)
  An ufetubus (D:5)
  2 oozes
  2 adder skeletons
  2 worms (D:2)
  2 dart slugs
  3 leopard geckos
  18 orcs
  7 bats
  5 giant cockroaches
  6 goblins
  11 hobgoblins
  6 jackals
  5 kobolds
  A quokka (D:4)
  4 ball pythons
  5 frilled lizards
  A leopard gecko zombie (D:5)
  13 rats
128 creatures vanquished.

Notes
Turn   | Place    | Note
-------+----------+-------------------------------------------
     0 | D:5      | sahdkjhfkaj the Palentonga Delver began the quest for the
                  | Orb.
     0 | D:5      | Reached XP level 1. HP: 20/20 MP: 1/1
   182 | D:5      | HP: 1/20 [shadow imp/nerve-wracking pain (9)]
   185 | D:5      | Reached skill level 1 in Shields
   185 | D:5      | Reached XP level 2. HP: 1/27 MP: 2/2
   604 | D:5      | Noticed a phantom
   626 | D:5      | Killed a phantom
   627 | D:5      | Reached XP level 3. HP: 34/35 MP: 3/3
   627 | D:5      | Reached XP level 4. HP: 40/42 MP: 4/4
   750 | D:5      | Reached skill level 4 in Fighting
   750 | D:5      | Reached XP level 5. HP: 13/50 MP: 5/5
  1711 | D:5      | Reached skill level 5 in Fighting
  1988 | D:4      | Reached XP level 6. HP: 51/60 MP: 6/6
  2138 | D:4      | Reached skill level 6 in Fighting
  2239 | D:5      | HP: 3/60 [orc/+0 trident (2)]
  2241 | D:5      | Gained mutation: You have a pair of small horns on your
                  | head. [potion of mutation]
  2241 | D:5      | Gained mutation: Your system is resistant to poisons.
                  | (rPois) [potion of mutation]
  2241 | D:5      | Gained mutation: Your flesh is heat resistant. (rF+)
                  | [potion of mutation]
  2241 | D:5      | Gained mutation: You have sharp toenails. [potion of
                  | mutation]
  2243 | D:5      | HP: 1/60 [ufetubus (1)]
  2861 | D:4      | Found a broken altar of Ashenzari.
  2901 | D:4      | Reached skill level 1 in Axes
  2998 | D:4      | Noticed a sky beast
  3006 | D:4      | Killed a sky beast
  3077 | D:4      | Gained mutation: You curl defensively after being hit.
                  | [Palentonga growth]
  3077 | D:4      | Reached XP level 7. HP: 57/68 MP: 7/7
  4003 | D:2      | Found a sparkling altar of Nemelex Xobeh.
  6393 | D:6      | Reached skill level 5 in Shields
  6393 | D:6      | Reached XP level 8. HP: 62/75 MP: 8/8
  6683 | D:7      | Found Lockuogg's Weapon Boutique.
  6992 | D:7      | Killed from afar by an orc wizard

Illustrated notes

Levels and vault maps discovered:
D:1:      lemuel_arrival_hallway, layout_basic, roderic_malta_cross
D:2:      layout_basic, marbit_many_paths
D:3:      layout_loops_ring
D:4:      layout_basic, portal_sewer_entry_a, kennysheep_path_1,
          evilmike_ruin_ashenzari
D:5:      layout_rooms
D:6:      black_bear_nest_1, layout_rooms, kennysheep_another_room
D:7:      layout_basic, lemuel_doored_altar, minmay_temple_entry_glassed_door,
          serial_shops, shop, minivault_25, chequers_serial_rivers_large_a

Skill      XL: |  1  2  3  4  5  6  7 |
---------------+----------------------+-----
Polearms       | 2 |  2.0
Shields        | 1 2 5 |  5.6
Dodging        | 2 |  2.0
Fighting       | 4 5 6 |  6.5
Axes           | 2 3 |  3.2
Stealth        | |  3.3

Action                   |  1- 3 |  4- 6 |  7- 9 || total
-------------------------+-------+-------+-------++-------
Melee: Spear             |    38 |   206 |    47 ||   291
       Tailslap          |     4 |    28 |    21 ||    53
       Kick              |       |    11 |    45 ||    56
       Headbutt          |       |     8 |    34 ||    42
       War axe           |       |       |   171 ||   171
 Abil: Rolling Charge    |     7 |     6 |    13 ||    26
  Use: Potion            |     1 |     2 |       ||     3
       Scroll            |       |     4 |     7 ||    11
Armor: Scale mail        |    12 |   103 |    31 ||   146
       Chain mail        |       |       |    98 ||    98
       Plate armour      |       |       |    19 ||    19
Dodge: Dodged            |     8 |    78 |    34 ||   120
Block: Buckler           |     2 |    44 |     5 ||    51
       Tower shield      |       |       |   126 ||   126

Table legend: (Time is in decaauts)
 A = Elapsed time spent in this place.
 B = Non-inter-level travel time spent in this place.
 C = Inter-level travel time spent in this place.
 D = Time resting spent in this place.
 E = Time spent auto-exploring this place.
 F = Levels seen in this place.
 G = Mean time per level.
                   A        B        C        D        E       F      G
               +--------+--------+--------+--------+--------+-----+--------+
         Total |   7074 |   6599 |    475 |   1855 |   3570 |   7 | 1010.6 |
       Dungeon |   7074 |   6599 |    475 |   1855 |   3570 |   7 | 1010.6 |
               +--------+--------+--------+--------+--------+-----+--------+

Top non-repeatable levels by time:
     D:4: 1717 daAuts
     D:5: 1626 daAuts
     D:2: 1117 daAuts
     D:1: 811 daAuts
     D:3: 724 daAuts
     D:6: 708 daAuts
     D:7: 369 daAuts
